Match 46128948
Unlisted

Match 46128948
End
Construct Section Command Post
Vickers Machine Gun Team
Infantry Section
Infantry Section
Grenade Package
Infantry Section
Selects Air and Sea Battlegroup
Construct Platoon Command Post
Selects Commando Section Paradrop
Selects Commando Support Section Paradrop
Commando Section Paradrop
CMP 15cwt Truck
Selects Supply Surplus
6-pounder Anti-tank Gun Team
Construct Company Command Post
Crusader II Medium Tank
Selects Incendiary Bombing Run
Armored Vehicle Training
Foot Guards Section
Incendiary Bombing Run
Construct Resource Cache
Unlock M3 Grant Medium Tanks
M3 Grant Medium Tank
Royal Engineer Section
Selects UNKNOWN (223837)
Unlock Towed 17-pounder Anti-tank Guns
Incendiary Bombing Run
Construct Resource Cache
Mochi_flamer
Hello
冲锋大哥
伟大De玲珑心
哦嗦嘎达
墨书
RyuJou
Obsidian sand
0
0

Comments sign in to comment!

No comments posted yet!